 Dungeon Crawl Stone Soup version 0.27.1-1-g398f81649c (webtiles) character file.

Game seed: 16120000560124456603

81 shoulao the Skirmisher (level 4, -1/41 HPs)
             Began as a Minotaur Berserker on Sept 16, 2021.
             Was a Believer of Trog.
             Slain by Grinder (2 damage)
             ... on level 3 of the Dungeon.
             The game lasted 00:01:20 (1744 turns).

shoulao the Skirmisher (Minotaur Berserker)         Turns: 1744, Time: 00:01:24

Health: -1/41      AC:  2    Str: 23    XL:     4   Next: 20%
Magic:  3/3        EV: 12    Int:  4    God:    Trog [**....]
Gold:   78         SH:  0    Dex:  9    Spells: 3/3 levels left

rFire    . . .     SeeInvis .   a - +0 mace
rCold    . . .     Faith    .   (no shield)
rNeg     . . .     Spirit   .   b - +0 animal skin
rPois    .         Reflect  .   (helmet restricted)
rElec    .         Harm     .   (no cloak)
rCorr    .         Rampage  .   (no gloves)
Will     .....                  (no boots)
Stlth    +.........             (no amulet)
HPRegen  0.13/turn              (no ring)
MPRegen  0.08/turn              (no ring)

@: brilliant
A: horns 2, retaliatory headbutt
a: Renounce Religion, Berserk, Trog's Hand


You were on level 3 of the Dungeon.
You worshipped Trog.
Trog was pleased with you.
You visited 1 branch of the dungeon, and saw 3 of its levels.

You collected 78 gold pieces.

Inventory:

Hand Weapons
 a - a +0 mace (weapon)
Missiles
 n - a throwing net (quivered)
Armour
 b - a +0 animal skin (worn)
Scrolls
 g - a scroll of enchant armour {unknown}
 h - a scroll of blinking {unknown}
 i - a scroll of summoning {unknown}
 m - a scroll of identify {unknown}
 o - a scroll of immolation {unknown}
Potions
 c - a potion of lignification {unknown}
 d - a potion of resistance {unknown}
 e - a potion of heal wounds {unknown}
 f - a potion of might {unknown}
 j - a potion of curing {unknown}
 k - a potion of mutation {unknown}
 l - a potion of brilliance


   Skills:
 + Level 4.7 Fighting
 + Level 4.7 Maces & Flails
 + Level 2.8 Armour
 + Level 2.7 Dodging
 + Level 0.1 Stealth


You had 3 spell levels left.
You didn't know any spells.
Your spell library was empty.

Dungeon Overview and Level Annotations

Branches:
Dungeon (3/15)

Altars:

Annotations:
D:3 Grinder


Innate Abilities, Weirdness & Mutations

You have a pair of horns on your head.
You reflexively headbutt those who attack you in melee.


Message History

Grinder is nearby!
Found 2 bubbling dark potions.
Grinder blinks!
Grinder is nearby!
You closely miss Grinder. Grinder gestures at you.
You barely resist.
Grinder is nearby!
You hit Grinder. Your headbutt misses Grinder.
Grinder is lightly wounded.
Grinder barely misses you.
Grinder is nearby!
You sock Grinder!
Grinder is moderately wounded.
Grinder gestures at you. You resist with significant effort.
Grinder gestures at you. You resist with significant effort.
Grinder is nearby!
You barely miss Grinder.
Grinder is moderately wounded.
Grinder gestures at you.
You suddenly lose the ability to move!
Grinder gestures at you. Pain shoots through your body!
Grinder says, "FISH!"
Grinder hits you!
You writhe in agony.
Grinder gestures at you.
You shrug off the repeated paralysis!
Grinder hits you.
You writhe in agony.
Grinder hits you.
You writhe in agony.
* * * LOW HITPOINT WARNING * * *
You can move again.
Okay, then.
It was a potion of brilliance.
You feel clever all of a sudden.
Grinder grins, showing sharp teeth.
Grinder hits you.
* * * LOW HITPOINT WARNING * * *
You writhe in agony.
You die...

#..........#
#..........#
#.###......#
#.###......#
#.#..........#
#.....###....#
#####.#.#.####
#...#+####
#..@.....#
#.!....5.....#
...##........#
#. ..........#
.. .............
##.###.###+#....
# .. .... ###
...


You could see Grinder.

Vanquished Creatures
  3 gnolls (D:3)
  3 worms (D:2)
  A dart slug (D:2)
  5 ball pythons
  3 bats (D:1)
  2 endoplasms (D:1)
  A giant cockroach (D:1)
  5 goblins
  5 hobgoblins
  5 kobolds
  2 quokkas (D:1)
  2 frilled lizards (D:1)
  4 rats
41 creatures vanquished.

Notes
Turn   | Place    | Note
-------+----------+-------------------------------------------
     0 | D:1      | shoulao the Minotaur Berserker began the quest for the Orb.
     0 | D:1      | Reached XP level 1. HP: 19/19 MP: 0/0
   145 | D:1      | Reached XP level 2. HP: 24/27 MP: 1/1
   665 | D:1      | Found a faded altar of an unknown god.
   756 | D:2      | Reached XP level 3. HP: 34/34 MP: 2/2
   770 | D:2      | Reached ** piety under Trog
  1267 | D:3      | Reached XP level 4. HP: 26/41 MP: 3/3
  1730 | D:3      | Noticed Grinder
  1738 | D:3      | Paralysed by Grinder for 6 turns
  1744 | D:3      | HP: 1/41 [Grinder (6)]
  1744 | D:3      | Slain by Grinder

Illustrated notes

Levels and vault maps discovered:
D:1:      dpeg_arrival_round_c, layout_basic, basic_ecumenical_altar
D:2:      layout_basic
D:3:      layout_basic, uniq_grinder, uniq_sigmund

Skill      XL: |  1  2 |
---------------+-------+-----
Maces & Flails | 4 |  4.7
Fighting       | 4 |  4.7
Armour         | |  2.8
Dodging        | |  2.7
Stealth        | |  0.1

Action                   |  1- 3 |  4- 6 || total
-------------------------+-------+-------++-------
Melee: Mace              |    60 |     8 ||    68
       Headbutt          |    10 |       ||    10
Invok: Berserk           |     1 |       ||     1
  Use: Potion            |       |     1 ||     1
 Stab: Sleeping          |     1 |       ||     1
Armor: Animal skin       |     8 |       ||     8
Dodge: Dodged            |    46 |     2 ||    48
